 Dungeon Crawl Stone Soup version 0.29.1-15-g9cfb28693d (webtiles) character file.

Game seed: 10025003584500685221

147 EarthwalkerPL the Trooper (level 5, -15/47 HPs)
             Began as a Minotaur Fighter on Apr 24, 2023.
             Demolished by an orc warrior
             ... wielding a +0 long sword
              (17 damage)
             ... on level 3 of the Dungeon.
             The game lasted 00:02:29 (2752 turns).

EarthwalkerPL the Trooper (Minotaur Fighter)        Turns: 2752, Time: 00:02:30

Health: -15/47     AC:  7    Str: 22    XL:     5   Next: 8%
Magic:  4/4        EV:  9    Int:  5    God:
Gold:   79         SH:  4    Dex: 10    Spells: 4/4 levels left

rFire   . . .      SeeInvis .   a - +0 war axe
rCold   . . .      Faith    .   c - +0 buckler
rNeg    . . .      Spirit   .   b - +0 scale mail
rPois   .          Reflect  .   (helmet restricted)
rElec   .          Harm     .   (no cloak)
rCorr   .          Rampage  .   (no gloves)
Will    .....                   (no boots)
Stlth   ..........              (no amulet)
HPRegen 0.15/turn               s - ring of flight
MPRegen 0.09/turn               (no ring)

@: flying
A: horns 2, retaliatory headbutt
a: no special abilities


You were on level 3 of the Dungeon.
You visited 1 branch of the dungeon, and saw 3 of its levels.

You collected 79 gold pieces.

Inventory:

Hand Weapons
 a - a +0 war axe (weapon)
Missiles
 t - a poisoned dart (quivered)
Armour
 b - a +0 scale mail (worn)
 c - a +0 buckler (worn)
Jewellery
 s - a ring of flight (left hand)
Scrolls
 e - a scroll of identify {unknown}
 i - a scroll of teleportation {unknown}
 j - 3 scrolls of enchant weapon {unknown}
 k - a scroll of silence {unknown}
 l - a scroll of brand weapon {unknown}
 n - a scroll of torment {unknown}
 o - a scroll of poison {unknown}
 p - 2 scrolls of amnesia {unknown}
 r - 2 scrolls of blinking {unknown}
Potions
 d - a potion of might
 f - a potion of brilliance {unknown}
 g - a potion of haste {unknown}
 h - 2 potions of heal wounds {unknown}
 m - 3 potions of curing {unknown}
 q - a potion of attraction {unknown}


   Skills:
 * Level 4.8 Fighting
 * Level 3.9 Axes
 * Level 4.8 Armour
 + Level 4.3 Shields


You had 4 spell levels left.
You didn't know any spells.
Your spell library contained the following spells:

 Spells                   Type           Power      Damage    Failure   Level
 Mephitic Cloud           Conj/Pois/Air  0%         N/A       99%         3
 Spider Form              Tmut/Pois      0%         N/A       99%         3
 Summon Lightning Spire   Summ/Air       0%         N/A       100%        4
 Silence                  Hex/Air        0%         N/A       100%        5


Dungeon Overview and Level Annotations

Branches:
Dungeon (3/15)

Altars:
Kikubaaqudgha
Makhleb
Vehumet
Yredelemnul

Shops:
D:2 (


Innate Abilities, Weirdness & Mutations

You have a pair of horns on your head.
You reflexively headbutt those who attack you in melee.


Message History

You headbutt the adder, but do no damage.
You slash the adder!
You kill the adder!
No target in view!
t - a poisoned dart
j - 3 scrolls labelled XOTALL BIPNOKHLERPH (gained 1)
There is a radiant altar of Vehumet here.
You now have 79 gold pieces (gained 15).
Found a stone staircase leading down.
An orc priest comes into view. It is wielding a +0 hand axe.
The orc priest shouts!
You hear a shout! x3
Found a burning altar of Makhleb.
The orc priest invokes the aid of Beogh against you.
Beogh smites you!
An orc warrior comes into view. It is wielding a +0 long sword.
The orc priest mumbles some strange prayers to Beogh against you.
Pain shoots through your body!
The orc priest hits you with a +0 hand axe.
You are too injured to fight recklessly!
You are too injured to fight recklessly!
You are too injured to fight recklessly!
You are too injured to fight recklessly!
You hit the orc priest.
The orc priest is lightly wounded.
You slash the orc warrior! Your headbutt misses the orc warrior.
The orc warrior is moderately wounded.
You closely miss the orc warrior.
The orc warrior is moderately wounded.
The orc warrior hits you with a +0 long sword!
An orc comes into view. It is wielding a +0 hand axe.
The orc warrior hits you with a +0 long sword.
* * * LOW HITPOINT WARNING * * *
You hit the orc warrior but do no damage.
The orc warrior is moderately wounded.
The orc warrior hits you with a +0 long sword!
* * * LOW HITPOINT WARNING * * *
You hit the orc warrior.
The orc warrior is heavily wounded.
The orc warrior hits you with a +0 long sword!
You die...

..#.#....#>#.####
..#.#.##.#.#.#
..#.#.##.#.#######
..#.#.##.###.....#
..#.#.##.# .._..
.##.#.##.### ...
.# #......# #.# .#
####.#####.####.#
.#
#..........@oo.#
###.#########o##
### #


You could see an orc warrior, an orc priest and an orc.

Vanquished Creatures
  A scorpion (D:3)
  Jessica (D:2)
  3 adders
  4 ball pythons
  2 endoplasms (D:2)
  3 giant cockroaches
  3 goblins
  5 hobgoblins
  3 kobolds
  3 quokkas
  A bat (D:1)
  4 frilled lizards
  4 rats
37 creatures vanquished.

Vanquished Creatures (others)
  4 fungi (D:1)
  2 plants (D:1)
6 creatures vanquished.

Grand Total: 43 creatures vanquished

Notes
Turn   | Place    | Note
-------+----------+-------------------------------------------
     0 | D:1      | EarthwalkerPL the Minotaur Fighter began the quest for the
                  | Orb.
     0 | D:1      | Reached XP level 1. HP: 19/19 MP: 0/0
   256 | D:1      | Found a faded altar of an unknown god.
   843 | D:1      | Got Nimul's Codex of Turbulent Putrescence
   849 | D:1      | Reached XP level 2. HP: 27/27 MP: 1/1
  1631 | D:2      | Found Ydez's Weapon Shop.
  1779 | D:2      | Reached XP level 3. HP: 27/33 MP: 2/2
  1967 | D:2      | Noticed Jessica
  1971 | D:2      | Killed Jessica
  2232 | D:2      | Reached XP level 4. HP: 41/41 MP: 3/3
  2477 | D:3      | Found a radiant altar of Vehumet.
  2477 | D:3      | Noticed a scorpion
  2483 | D:3      | Killed a scorpion
  2484 | D:3      | Reached XP level 5. HP: 40/47 MP: 4/4
  2600 | D:3      | Found an ancient bone altar of Kikubaaqudgha.
  2602 | D:3      | Found a basalt altar of Yredelemnul.
  2744 | D:3      | Found a burning altar of Makhleb.
  2746 | D:3      | Noticed an orc warrior
  2751 | D:3      | HP: 2/47 [orc warrior/+0 long sword (8)]
  2752 | D:3      | Demolished by an orc warrior

Illustrated notes

Levels and vault maps discovered:
D:1:      dpeg_arrival_water_fire, layout_basic, basic_ecumenical_altar,
          serial_bayou_ford_a
D:2:      layout_loops_corners, serial_shops, nicolae_shop_bloodbath_and_beyond,
          uniq_jessica
D:3:      layout_basic, zin_purify, mainiacjoe_overflow_alcove_2,
          grunt_temple_overflow_open, uniq_ijyb

Skill      XL: |  1  2  3 |
---------------+----------+-----
Fighting       | 4 |  4.8
Armour         | 4 |  4.8
Axes           | 3 |  3.9
Shields        | 4 |  4.3

Action                   |  1- 3 |  4- 6 || total
-------------------------+-------+-------++-------
Melee: War axe           |    81 |    21 ||   102
       Headbutt          |     9 |       ||     9
Throw: Dart              |       |     2 ||     2
Armor: Scale mail        |    50 |    10 ||    60
Dodge: Dodged            |    41 |     5 ||    46
Block: Buckler           |    17 |       ||    17
